 Dungeon Crawl Stone Soup version 0.18.1-48-g4cf74bf (webtiles) character file.

1590 Melfield the Grave Robber (level 8, -1/56 HPs)
             Began as a Vampire Necromancer on Aug 12, 2016.
             Slain by an orc (2 damage)
             ... on level 7 of the Dungeon.
             The game lasted 00:50:46 (11671 turns).

Melfield the Grave Robber (Vampire Necromancer)    Turns: 11671, Time: 00:50:46

Health: -1/56      AC:  0    Str:  7    XL:     8   Next: 61%
Magic:  14/16      EV: 24    Int: 20    God:
Gold:   4          SH:  0    Dex: 19    Spells: 6 memorised, 2 levels left

rFire  . . .     SeeInvis +     (weapon currently unavailable)
rCold  + + .     Gourm    .     (armour currently unavailable)
rNeg   + + +     Faith    .     (shield currently unavailable)
rPois  ∞         Spirit   .     (helmet currently unavailable)
rElec  .         Dismiss  .     (cloak currently unavailable)
rCorr  .         Reflect  .     (gloves currently unavailable)
SustAt .         Harm     .     (boots currently unavailable)
MR     .....                    (no amulet)
Stlth  +++.......               (ring currently unavailable)
                                (ring currently unavailable)

@: about to teleport, bat-form, flying, bloodless, non-regenerating, very quick,
not resistant to hostile enchantments, fairly stealthy
A: fangs 3, see invisible, (unbreathing)
a: End Transformation


You were on level 7 of the Dungeon.
You were bloodless.
You were in vampire-bat-form.
You visited 1 branch of the dungeon, and saw 8 of its levels.

You collected 324 gold pieces.
You spent 320 gold pieces at shops.

Inventory:

Hand Weapons
 c - a +2 flail of venom (melded)
 e - a +0 short sword
 D - a +0 spear of flaming
Missiles
 q - 31 arrows
Armour
 a - a +0 robe
 g - a +0 ring mail
 j - a +2 pair of boots (melded)
 l - a +0 ring mail of positive energy (melded)
 m - a +0 helmet (melded)
 n - a +0 ring mail
 E - a +0 pair of gloves (melded)
 H - a +0 plate armour of cold resistance
Jewellery
 o - a ring of sustain attributes (melded)
 u - an uncursed ring of fire {unknown}
 J - an uncursed ring of magical power
Wands
 k - a wand of random effects (28/48)
 x - a wand of polymorph (11/24)
 F - a wand of polymorph (7/24)
 L - a wand of lightning (8/15)
Scrolls
 f - 3 scrolls of remove curse
 s - a scroll of amnesia
 z - a scroll of fear {unknown}
 B - a scroll of identify
 I - a scroll of magic mapping {unknown}
Potions
 i - a potion of curing {unknown}
 p - 2 potions of magic {unknown}
 r - a potion of haste {unknown}
 v - 2 potions of flight {unknown}
 A - 2 potions of might {unknown}
 C - a potion of agility
 G - 3 potions of lignification {unknown}
Books
 b - a book of Necromancy

   Spells                             Type                      Level
   a - Pain                           Necromancy                   1
   b - Animate Skeleton               Necromancy                   1
   c - Vampiric Draining              Necromancy                   3
   d - Regeneration                   Charms/Necromancy            3
   e - Animate Dead                   Necromancy                   4
   f - Control Undead                 Necromancy                   4
 y - a book of Changes

   Spells                             Type                      Level
   a - Beastly Appendage              Transmutation                1
   b - Sticks to Snakes               Transmutation                2
   c - Spider Form                    Transmutation/Poison         3
   d - Ice Form                       Ice/Transmutation            4
   e - Blade Hands                    Transmutation                5
 K - a book of Debilitation

   Spells                             Type                      Level
   a - Corona                         Hexes                        1
   b - Slow                           Hexes                        2
   c - Gell's Gravitas                Hexes/Translocation          3
   d - Inner Flame                    Hexes/Fire                   3
   e - Cause Fear                     Hexes                        4
   f - Leda's Liquefaction            Hexes/Earth                  4
Comestibles
 h - 2 bread rations
 t - 3 fruits
 w - 2 slices of pizza


   Skills:
 + Level 1.8 Fighting
 + Level 0.2 Short Blades
 + Level 2.0 Maces & Flails
 + Level 2.8 Armour
 + Level 5.2 Dodging
 + Level 3.7 Stealth
 + Level 0.2 Unarmed Combat
 + Level 5.8 Spellcasting
 + Level 0.7 Charms
 + Level 7.5 Necromancy


You had 2 spell levels left.
You knew the following spells:

 Your Spells              Type           Power        Failure   Level  Hunger
a - Pain                  Necr           ####         1%          1    None
b - Animate Skeleton      Necr           N/A          1%          1    None
c - Vampiric Draining     Necr           #####.....   1%          3    ##.....
d - Control Undead        Necr           #####.....   6%          4    ####...
e - Regeneration          Chrm/Necr      ###.......   8%          3    ##.....
f - Animate Dead          Necr           N/A          6%          4    ####...


Dungeon Overview and Level Annotations

Branches:
Dungeon (8/15)             Temple (0/1) D:5
   Lair: D:8-11

Altars:

Shops:
D:7 =

Annotations:
D:3 Natasha; daning's ghost, weakling HESk
D:4 Grinder; Pikel; Sigmund
D:7 Menkaure; Prince Ribbit


Innate Abilities, Weirdness & Mutations

You do not heal naturally.
You are immune to poison.
You have razor-sharp teeth.
You have supernaturally acute eyesight.
((You can survive without breathing.))


Message History

Menkaure misses you.
The orc priest calls down the wrath of Beogh upon you.
You are unaffected.
Saving game... please wait.
Level annotation: Menkaure; Prince Ribbit Welcome back, Melfield the Vampire Necromancer.
Press ? for a list of commands and other information.
Menkaure points at you and mumbles some strange words.
You are unaffected.
Read which item? (? for menu, Esc to quit)
As you read the scroll of teleportation, it crumbles to dust.
You feel strangely unstable. The orc misses you.
The orc priest miscasts a cantrip.
The phantom blinks!
Menkaure gestures wildly while chanting.
Menkaure seems to speed up.
There are monsters nearby!
There are monsters nearby!
The orc hits you.
You die...

### #.. #.# #.#
### #.# #o. #.#
#o# # ##.#####
#.#.#
#....Mo###.#.#####
#..###Wboho.......
#..# #####.#.####
#..# #.# #..# #W#
#.M###.....#
#..).=......
##.####.##### #..#
#.##


You could see a phantom, Menkaure, a hound, an orc priest, an orc wizard and an
orc.

Vanquished Creatures
  Duvessa (D:7)
  2 ice beasts
  A sky beast (D:6)
  An orc warrior (D:6)
  3 giant frogs (D:6)
  Dowan (D:7)
  4 scorpions
  A howler monkey (D:6)
  A crimson imp (D:8)
  A giant frog zombie (D:6)
  2 hounds
  2 orc wizards (D:8)
  2 giant frog skeletons
  An iguana (D:5)
  4 worker ants
  Ijyb (D:3)
  Natasha (D:3)
  A hound skeleton (D:4)
  A howler monkey zombie (D:6)
  5 gnolls
  6 adders
  An adder zombie (D:8)
  3 oozes
  An adder skeleton (D:6)
  3 worms
  3 dart slugs
  9 giant geckos
  16 orcs
  7 bats
  4 giant cockroaches
  9 hobgoblins
  11 jackals
  2 quokkas
  7 ball pythons
  A giant gecko zombie (D:7)
  4 giant newts
  4 goblins
  A jackal zombie (D:5)
  6 kobolds
  8 rats
142 creatures vanquished.

Vanquished Creatures (collateral kills)
  An orc (D:8)
  A giant newt (D:5)
2 creatures vanquished.

Grand Total: 144 creatures vanquished

Notes
Turn   | Place    | Note
--------------------------------------------------------------
     0 | D:1      | Melfield the Vampire Necromancer began the quest for the Orb.
     0 | D:1      | Reached XP level 1. HP: 13/13 MP: 3/3
   164 | D:1      | Reached XP level 2. HP: 15/19 MP: 0/5
   242 | D:1      | Learned a level 1 spell: Animate Skeleton
   748 | D:1      | Reached skill level 5 in Necromancy
   985 | D:1      | Reached XP level 3. HP: 22/24 MP: 2/6
  1181 | D:1      | Learned a level 3 spell: Vampiric Draining
  2212 | D:3      | Reached XP level 4. HP: 30/30 MP: 5/8
  2823 | D:3      | Reached XP level 5. HP: 30/35 MP: 4/10
  3342 | D:3      | Noticed Ijyb
  3353 | D:3      | Killed Ijyb
  3380 | D:3      | Noticed Natasha
  3383 | D:3      | Killed Natasha
  3397 | D:3      | Reached skill level 6 in Necromancy
  3636 | D:3      | Noticed an ogre
  3638 | D:3      | Noticed daning's ghost (weakling HESk)
  3730 | D:3      | Noticed Natasha
  3923 | D:4      | Learned a level 4 spell: Control Undead
  3990 | D:4      | Noticed Grinder
  4144 | D:4      | Noticed Pikel
  4144 | D:4      | Noticed a slave
  4144 | D:4      | Noticed a slave
  4191 | D:4      | Paralysed by Grinder for 5 turns
  4230 | D:4      | Reached XP level 6. HP: 25/41 MP: 9/12
  4658 | D:4      | Noticed Sigmund
  5064 | D:5      | Entered Level 5 of the Dungeon
  5249 | D:5      | Reached skill level 1 in Armour
  5686 | D:5      | Learned a level 3 spell: Regeneration
  5753 | D:5      | Found a staircase to the Ecumenical Temple.
  5971 | D:5      | Noticed a sky beast
  6940 | D:6      | Reached skill level 1 in Fighting
  6940 | D:6      | Reached XP level 7. HP: 24/48 MP: 10/13
  7827 | D:7      | Noticed Duvessa
  7990 | D:7      | Killed Duvessa
  8028 | D:7      | Noticed Dowan
  8313 | D:6      | Reached skill level 1 in Maces & Flails
  8914 | D:6      | Reached skill level 5 in Spellcasting
  8914 | D:6      | Reached XP level 8. HP: 30/54 MP: 15/15
  8920 | D:6      | Learned a level 4 spell: Animate Dead
  9017 | D:6      | HP: 2/54 [orc warrior/long sword (19)]
 10245 | D:6      | Reached skill level 5 in Dodging
 10245 | D:6      | Reached skill level 7 in Necromancy
 10782 | D:7      | Found Batzear's Jewellery Emporium.
 10789 | D:7      | Killed Dowan
 10846 | D:7      | Bought an uncursed ring of magical power for 320 gold pieces
 10985 | D:7      | Noticed Prince Ribbit
 10992 | D:7      | Noticed Menkaure
 11667 | D:7      | HP: 1/56 [orc priest/divine providence (14)]
 11671 | D:7      | Slain by an orc

Skill      XL: |  1  2  3  4  5  6  7  8 |
---------------+-------------------------+-----
Necromancy     | 5 6 7 |  7.5
Spellcasting   | 3 4 5 |  5.8
Dodging        | 3 4 5 |  5.2
Armour         | 1 2 |  2.8
Fighting       | 1 |  1.8
Maces & Flails | 1 2 |  2.0
Short Blades   | |  0.2
Stealth        | |  3.7
Unarmed Combat | |  0.2
Charms         | |  0.7

Action                   |  1- 3 |  4- 6 |  7- 9 || total
-------------------------+-------+-------+-------++-------
Melee: Short sword       |    37 |     8 |       ||    45
       Bite              |     3 |     7 |    19 ||    29
       Flail             |       |    81 |   120 ||   201
       Unarmed           |       |    17 |    13 ||    30
 Cast: Pain              |    81 |    91 |    58 ||   230
       Vampiric Draining |     1 |     1 |       ||     2
       Control Undead    |       |     1 |     2 ||     3
       Animate Skeleton  |       |     8 |     1 ||     9
       Regeneration      |       |       |     2 ||     2
       Animate Dead      |       |       |     3 ||     3
 Abil: Bat Form          |     1 |     8 |     9 ||    18
       End Transformatio |     1 |     7 |     9 ||    17
  Use: Scroll            |     3 |       |     8 ||    11
       Potion            |       |     1 |     2 ||     3
 Stab: Sleeping          |       |     1 |       ||     1
  Eat: Corpse            |     7 |     4 |     3 ||    14
Armor: Robe              |    17 |     5 |       ||    22
       Ring mail         |       |    71 |    63 ||   134
Dodge: Dodged            |    32 |   107 |   107 ||   246
